 Dungeon Crawl Stone Soup version 0.29.1-15-g9cfb28693d (webtiles) character file.

Game seed: 13393778305985472203

1278 adizb the Sneak (level 8, -2/57 HPs)
             Began as an Octopode Brigand on Apr 16, 2023.
             Was a Follower of Dithmenos.
             Shot with an arrow by a centaur (9 damage)
             ... on level 6 of the Dungeon.
             The game lasted 00:17:45 (3668 turns).

adizb the Sneak (Octopode Brigand)                  Turns: 3668, Time: 00:17:45

Health: -2/57      AC:  1    Str: 10    XL:     8   Next: 54%
Magic:  8/8        EV: 15    Int: 13    God:    Dithmenos [*.....]
Gold:   289        SH:  0    Dex: 16    Spells: 7/7 levels left

rFire   + . .      SeeInvis .   m - +3 rapier of Kismet {elec, rC+ Will+ rCorr}
rCold   + . .      Faith    .   (no shield)
rNeg    . . .      Spirit   .   (helmet restricted)
rPois   .          Reflect  .   (no amulet)
rElec   .          Harm     .   i - ring of protection from fire
rCorr   +          Rampage  .   (no ring)
Will    +....                   (no ring)
Stlth   ++++++....              (no ring)
HPRegen 0.19/turn               (no ring)
MPRegen 0.11/turn               (no ring)
                                (no ring)
                                (no ring)

@: wreathed by umbra
A: almost no armour, amphibious, 8 rings, camouflage 1, gelatinous body 1,
(nimble swimmer 1), tentacles
a: Renounce Religion


You were on level 6 of the Dungeon.
You worshipped Dithmenos.
Dithmenos was aware of your devotion.
You visited 1 branch of the dungeon, and saw 6 of its levels.

You collected 289 gold pieces.

Inventory:

Hand Weapons
 a - a +2 dagger of freezing
 m - the +3 rapier of Kismet (weapon) {elec, rC+ Will+ rCorr}
   (You found it on level 3 of the Dungeon)

   It occasionally discharges a powerful burst of electricity upon striking a
   foe.
   rC:        It protects you from cold.
   rCorr:     It protects you from acid and corrosion.
   Will:      It increases your willpower.
Missiles
 b - 16 poisoned darts (quivered)
 c - 3 curare-tipped darts
 q - 5 atropa-tipped darts
Jewellery
 f - a ring of ice
 i - a ring of protection from fire (left tentacle)
Scrolls
 d - a scroll of summoning {unknown}
 h - a scroll of teleportation
 j - 3 scrolls of fog
 k - a scroll of brand weapon
 l - a scroll of vulnerability
Potions
 e - a potion of heal wounds
 g - 3 potions of curing
 n - a potion of lignification {unknown}
 p - a potion of flight {unknown}
 r - a potion of ambrosia {unknown}


   Skills:
 * Level 6.0 Fighting
 * Level 6.1 Short Blades
 - Level 2.0 Throwing
 + Level 4.1 Dodging
 + Level 7.8 Stealth


You had 7 spell levels left.
You didn't know any spells.
Your spell library contained the following spells:

 Spells                   Type           Power      Damage    Failure   Level
 Freeze                   Ice            0%         1d3       30%         1
 Static Discharge         Conj/Air       0%         3-3/arc   43%         2
 Frozen Ramparts          Ice            0%         1d1       67%         3
 Inner Flame              Hex/Fire       0%         N/A       67%         3
 Ozocubu's Armour         Ice            0%         N/A       67%         3
 Cause Fear               Hex            0%         N/A       97%         4
 Hailstorm                Conj/Ice       0%         3d3       97%         4
 Lightning Bolt           Conj/Air       0%         1d11      100%        5
 Ozocubu's Refrigeration  Ice            0%         4d7       100%        7
 Discord                  Hex            0%         N/A       100%        8
 Maxwell's Capacitive Co  Air            0%         ∞         100%        8


Dungeon Overview and Level Annotations

Branches:
Dungeon (6/15)             Temple (0/1) D:5

Altars:
Ashenzari
Dithmenos
Fedhas
Hepliaklqana
Kikubaaqudgha
Nemelex Xobeh
Okawaru
Sif Muna
Wu Jian
Xom


Innate Abilities, Weirdness & Mutations

You cannot wear most types of armour.
You are amphibious.
You can wear up to eight rings at the same time.
Your skin changes colour to match your surroundings (Stealth+).
Your rubbery body absorbs attacks. (AC +1, EV +1)
((You are camouflaged when in or above water. (Stealth+)))
You have tentacles for arms and can constrict up to eight enemies at once.


Message History

Your Short Blades skill increases to level 6!
You hit the iguana. Your grab misses the iguana.
You squeeze the iguana, but do no damage.
The iguana is moderately wounded.
The iguana closely misses you.
You closely miss the iguana. You grab the iguana. You squeeze the iguana.
The iguana is severely wounded.
You constrict the iguana, but do no damage.
A centaur comes into view.
The iguana bites you!
The centaur shouts!
You puncture the iguana! Lightning courses through the iguana!
You kill the iguana!
Dithmenos accepts your kill.
The centaur drinks a potion.
The centaur seems to speed up.
The centaur wields a +0 shortbow.
The centaur shoots an arrow.
The arrow hits you.
As you read the scroll of teleportation, it crumbles to dust.
You feel strangely unstable.
The centaur shoots an arrow.
The arrow hits you!
* * * LOW HITPOINT WARNING * * *
Okay, then.
You feel much better.
The centaur shoots an arrow.
The arrow hits you!
The centaur shoots an arrow.
The arrow hits you.
* * * LOW HITPOINT WARNING * * *
Your surroundings suddenly seem different.
Found a leather armour.
Found a stone staircase leading down.
The centaur shoots an arrow.
The arrow hits you!
* * * LOW HITPOINT WARNING * * *
The centaur shoots an arrow.
The arrow misses you.
You feel much better.
The centaur shoots an arrow.
The arrow hits you!
The centaur shoots an arrow.
The arrow closely misses you.
Found 9 gold pieces.
The centaur shoots an arrow.
The arrow hits you.
The centaur shoots an arrow.
The arrow completely misses you.
The centaur shoots an arrow.
The arrow hits you!
* * * LOW HITPOINT WARNING * * *
You feel better.
The centaur shoots an arrow.
The arrow hits you!
* * * LOW HITPOINT WARNING * * *
The centaur shoots an arrow.
The arrow hits you!
You die...

..........#
....#.........c.....#
$...................#
...................#
#.................#
#................##
#.........#.....##
#........####.###
#..[>@...# #.# #........#
#.# ....######## #.# #..
#########.# # #~~~~~~~#.#
.##############~~~~~~.#.##
.......[<.....#.~~~~~.#..#
###########.###....~..##.#
#.# #.......##.#


You could see a centaur (fast).

Vanquished Creatures
  Grinder (D:5)
  A water moccasin (D:6)
  4 phantoms
  2 scorpions
  2 jellies (D:5)
  2 hounds (D:4)
  An orc priest (D:4)
  3 iguanas
  Natasha (thrice) (D:2)
  2 orc wizards (D:4)
  4 gnolls (D:5)
  4 adders
  3 white imps
  An ufetubus (D:4)
  A dart slug (D:4)
  17 orcs
  6 bats
  6 endoplasms
  3 giant cockroaches
  5 goblins
  7 hobgoblins
  7 jackals
  11 kobolds
  7 quokkas
  8 ball pythons
  3 frilled lizards (D:2)
  7 rats
  A spectral goblin (D:4)
122 creatures vanquished.

Vanquished Creatures (others)
  12 plants (D:2)
12 creatures vanquished.

Grand Total: 134 creatures vanquished

Notes
Turn   | Place    | Note
-------+----------+-------------------------------------------
     0 | D:1      | adizb the Octopode Brigand began the quest for the Orb.
     0 | D:1      | Reached XP level 1. HP: 14/14 MP: 1/1
    68 | D:1      | Reached XP level 2. HP: 11/19 MP: 2/2
   879 | D:2      | Reached XP level 3. HP: 25/25 MP: 3/3
   964 | D:2      | Noticed Natasha
   969 | D:2      | Killed Natasha
   970 | D:2      | Reached XP level 4. HP: 28/30 MP: 4/4
  1096 | D:2      | Noticed Natasha
  1110 | D:2      | Killed Natasha
  1211 | D:2      | Noticed Natasha
  1219 | D:2      | Killed Natasha
  1220 | D:2      | Reached XP level 5. HP: 34/36 MP: 5/5
  1601 | D:3      | Reached skill level 6 in Stealth
  1653 | D:3      | Found a faded altar of an unknown god.
  2078 | D:3      | Identified the +3 rapier of Kismet {elec, rC+ Will+ rCorr}
  2324 | D:4      | Noticed a phantom
  2334 | D:4      | Killed a phantom
  2341 | D:4      | Found a hazy altar of Hepliaklqana.
  2348 | D:4      | Reached XP level 6. HP: 22/43 MP: 6/6
  2395 | D:4      | Found a broken altar of Ashenzari.
  2419 | D:4      | Found a shadowy altar of Dithmenos.
  2472 | D:4      | Got the Papyrus of Firn
  2486 | D:4      | Became a worshipper of Dithmenos the Shadowed
  2593 | D:4      | Found a shimmering altar of Xom.
  2790 | D:4      | Found an iron altar of Okawaru.
  2862 | D:4      | Found a shimmering blue altar of Sif Muna.
  2868 | D:4      | Found a sparkling altar of Nemelex Xobeh.
  2908 | D:5      | Entered Level 5 of the Dungeon
  2965 | D:5      | Reached XP level 7. HP: 29/49 MP: 7/7
  2965 | D:5      | Reached * piety under Dithmenos
  2970 | D:5      | Found a blossoming altar of Fedhas.
  3125 | D:5      | Noticed Grinder
  3133 | D:5      | Killed Grinder
  3134 | D:5      | Reached skill level 5 in Fighting
  3134 | D:5      | Reached skill level 5 in Short Blades
  3134 | D:5      | Reached skill level 7 in Stealth
  3213 | D:5      | Found an ancient bone altar of Kikubaaqudgha.
  3325 | D:5      | Reached XP level 8. HP: 21/55 MP: 8/8
  3458 | D:5      | Found a staircase to the Ecumenical Temple.
  3629 | D:6      | Found an ornate altar of the Wu Jian Council.
  3668 | D:6      | Shot with an arrow by a centaur

Illustrated notes

Levels and vault maps discovered:
D:1:      sevenhm_arrival_forest_fort_small_3, layout_basic
D:2:      layout_loops_ring, minmay_misc_feat_doors, grunt_decor_resistance,
          st_stairs_6, minmay_fountain_box, lexackson_kobold_supper,
          uniq_natasha
D:3:      layout_loops_ring, nicolae_ecumenical_snake_handling, st_stairs_11,
          dk_noncrumbling_4
D:4:      layout_loops_cross, lemuel_round_altar, mainiacjoe_overflow_24_doors,
          grunt_temple_overflow_open, nicolae_hepliaklqana_monster_ancestors,
          nicolae_dithmenos_shadow_blocks
D:5:      layout_basic, mainiacjoe_overflow_boulevard, amcnicky_altar_gilded,
          minmay_temple_entry_enclosed_plants, st_stairs_5, hex_tiny,
          uniq_grinder
D:6:      layout_rooms, nzn_wu_jian_contemplation, nicolae_gozag_seed_capital

Skill      XL: |  1  2  3  4  5  6  7  8 |
---------------+-------------------------+-----
Short Blades   | 3 4 5 6 |  6.1
Fighting       | 3 4 5 6 |  6.0
Dodging        | 2 3 4 |  4.1
Stealth        | 6 7 |  7.8
Throwing       | |  2.0

Action                   |  1- 3 |  4- 6 |  7- 9 || total
-------------------------+-------+-------+-------++-------
Melee: Dagger            |    39 |    68 |       ||   107
       Tentacles         |    10 |    22 |    11 ||    43
       Constrict         |    10 |    33 |     8 ||    51
       Rapier            |       |    82 |    40 ||   122
       Punch             |       |     1 |     1 ||     2
  Use: Scroll            |       |     6 |     2 ||     8
       Potion            |       |       |     3 ||     3
 Stab: Sleeping          |     6 |    19 |     6 ||    31
       Distracted        |       |     2 |       ||     2
Armor: Skin              |     4 |     9 |     1 ||    14
Dodge: Dodged            |    14 |    87 |    21 ||   122
